 Dungeon Crawl Stone Soup version 0.31-a0-174-g85c54bcb58 (webtiles) character file.

Game seed: 3760063658922665385

36 Moral the Sneak (level 3, 0/21 HPs)
             Began as a Vampire Enchanter on June 15, 2023.
             Slain by a worm (10 damage)
             ... on level 2 of the Dungeon.
             The game lasted 00:07:11 (744 turns).

Moral the Sneak (Vampire Enchanter)                  Turns: 744, Time: 00:07:12

Health: 0/21       AC:  5    Str:  7    XL:     3   Next: 19%
Magic:  6/6        EV: 12    Int: 17    God:
Gold:   68         SH:  0    Dex: 16    Spells: 3/6 levels left

rFire   . . .        a - +1 dagger
rCold   . . .        (no shield)
rNeg    . . .        b - +0 robe
rPois   .            (no helmet)
rElec   .            e - +0 cloak
rCorr   .            h - +1 pair of gloves
SInv    +            (no boots)
Will    .....        (no amulet)
Stlth   +++          j - +4 ring of slaying
HPRegen 0.43/turn    (no ring)
MPRegen 0.10/turn

%: no passive effects
@: healing quickly
A: alive, fangs 3, see invisible, vampiric 2, [frail 1]
a: Exsanguinate


You were on level 2 of the Dungeon.
You visited 1 branch of the dungeon, and saw 2 of its levels.

You collected 68 gold pieces.

Inventory:

Hand Weapons
 a - a +1 dagger (weapon)
Armour
 b - a +0 robe (worn)
 e - a +0 cloak (worn)
 h - a +1 pair of gloves (worn)
Jewellery
 j - a +4 ring of slaying (left hand)
Scrolls
 g - a scroll of teleportation {unknown}
 i - a scroll of revelation {unknown}
Potions
 c - 2 potions of invisibility
 d - a potion of curing {unknown}
 f - 2 potions of haste {unknown}
 k - a potion of mutation {unknown}


   Skills:
 + Level 1.6 Short Blades
 + Level 2.5 Dodging
 * Level 5.1 Stealth
 + Level 2.1 Spellcasting
 * Level 5.1 Hexes


You had 3 spell levels left.
You knew the following spells:

 Your Spells              Type           Power      Damage    Failure   Level
a - Tukima's Dance        Hex            19%        N/A       7%          3

Your spell library contained the following spells:

 Spells                   Type           Power      Damage    Failure   Level
 Confusing Touch          Hex            19%        N/A       7%          3
 Ensorcelled Hibernation  Hex/Ice        20%        N/A       10%         2
 Dazzling Flash           Conj/Hex       20%        N/A       21%         3


Dungeon Overview and Level Annotations

Branches:
Dungeon (2/15)

Altars:


Innate Abilities, Weirdness & Mutations

Your natural rate of healing is accelerated.
You have razor-sharp teeth.
You have supernaturally acute eyesight. (SInv)
You are afflicted with vampirism and can become a bat while bloodless.
[You are frail. (-10% HP)]


Message History

The ball python closely misses you. The ball python barely misses you.
The ball python attacks as you move away!
The ball python bites you but does no damage.
The ball python misses you.
The ball python attacks as you move away!
The ball python barely misses you. x2
The ball python bites you but does no damage.
The ball python barely misses you.
You puncture the ball python!
You kill the ball python!
You hit the hobgoblin but do no damage. The hobgoblin hits you.
You barely miss the hobgoblin. The hobgoblin misses you.
You hit the hobgoblin. You bite the hobgoblin.
You kill the hobgoblin!
You hit the worm.
The worm is lightly wounded.
You hit the worm.
The worm is moderately wounded.
The worm bites you.
You barely miss the worm.
The worm is moderately wounded.
You puncture the worm!
The worm is severely wounded.
The worm bites you.
You hit the worm.
The worm is severely wounded.
You barely miss the worm.
The worm is severely wounded.
The worm closely misses you.
You hit the worm.
The worm is severely wounded.
You hit the worm but do no damage.
The worm is severely wounded.
The worm bites you.
You barely miss the worm.
The worm is severely wounded.
You barely miss the worm.
The worm is severely wounded.
The worm bites you!
You die...

#...†.....##...# #.........#
##.### ####+####
#.........####...########......$#
#.........#.....................+
#######...#...................(.#
#.##.#.#.#.#†.........>...#
#.#..........#.........$..#
#.##.##+##w##.(............
#.#..#...#@.#.###..........
#.##.'...'.##.# ###........
#....#...#..#.# #........
####.##'##.#..# #####....
#.....)....## .... ##.#.#.#.###
.. #########


You could see a worm.

Vanquished Creatures
  An adder (D:2)
  2 endoplasms
  A giant cockroach (D:2)
  A goblin (D:2)
  4 hobgoblins (D:2)
  2 jackals (D:2)
  2 quokkas
  4 ball pythons
  3 bats
  2 frilled lizards (D:2)
  2 kobolds
  2 rats (D:2)
26 creatures vanquished.

Notes
Turn   | Place    | Note
-------+----------+-------------------------------------------
     0 | D:1      | Moral the Vampire Enchanter began the quest for the Orb.
     0 | D:1      | Reached XP level 1. HP: 13/13 MP: 3/3
   230 | D:1      | You fall into a shaft and drop 1 floor!
   276 | D:2      | Reached XP level 2. HP: 17/17 MP: 5/5
   296 | D:1      | Upgraded the game from 0.31-a0-167-g1c394c0614 to
                  | 0.31-a0-174-g85c54bcb58
   389 | D:2      | Reached skill level 5 in Stealth
   477 | D:2      | Reached skill level 5 in Hexes
   510 | D:2      | Gained mutation: You are afflicted with vampirism and can
                  | become a bat while bloodless. [Vampire growth]
   510 | D:2      | Reached XP level 3. HP: 12/21 MP: 6/6
   613 | D:2      | Learned a level 3 spell: Tukima's Dance
   744 | D:2      | Slain by a worm

Illustrated notes

Levels and vault maps discovered:
D:1:      saegor_arrival_fortress, layout_rooms
D:2:      layout_basic, minmay_misc_feat_doors

Skill      XL: |  1  2 |
---------------+-------+-----
Stealth        | 5 |  5.1
Hexes          | 5 |  5.1
Short Blades   | |  1.6
Dodging        | |  2.5
Spellcasting   | |  2.1

Action                     || total
---------------------------++-------
  Melee: Dagger            ||    85
         Bite              ||    10
         Punch             ||     2
   Cast: Tukima's Dance    ||     2
Ability: Exsanguinate      ||     1
         Revivify          ||     1
    Use: Scroll            ||     1
   Stab: Sleeping          ||     5
 Armour: Robe              ||    23
  Dodge: Dodged            ||    37

Table legend: (Time is in decaauts)
 A = Elapsed time spent in this place.
 B = Non-inter-level travel time spent in this place.
 C = Inter-level travel time spent in this place.
 D = Time resting spent in this place.
 E = Time spent auto-exploring this place.
 F = Levels seen in this place.
 G = Mean time per level.
                   A        B        C        D        E       F      G
               +--------+--------+--------+--------+--------+-----+--------+
         Total |    736 |    736 |      0 |      0 |    380 |   2 |  368.0 |
       Dungeon |    736 |    736 |      0 |      0 |    380 |   2 |  368.0 |
               +--------+--------+--------+--------+--------+-----+--------+

Top non-repeatable levels by time:
     D:2: 434 daAuts
     D:1: 302 daAuts
